[Event "Fagernes Chess Open 2025"]
[Site "Fagernes"]
[Date "2025.04.16"]
[Round "4.1"]
[White "Ali, Karim"]
[Black "Hansen, Thobias Gotaas"]
[Result "0-1"]
[Annotator "NA RC"]
[ECO "D05"]
[WhiteElo "1876"]
[BlackElo "1805"]
[PlyCount "66"]
[EventDate "2025.04.12"]
[EventCountry "NOR"]
[SourceTitle "playchess.com"]
[Source "ChessBase"]
[SourceQuality "1"]
[TimeControl "40/6000+30:2400+30"]

1. d4 Nf6 2. Nf3 e6 3. e3 c5 4. Bd3 Nc6 5. O-O d5 6. c3 Bd6 7. Nbd2 O-O 8. dxc5 Bxc5 9. e4 h6 10. e5 Nd7 11. Re1 a5 12. Nb3 b6 13. Nxc5 bxc5 14. Bb1 f5 15. h4 Qc7 16. Bf4 a4 17. Bc2 a3 18. b3 Nb6 19. Rc1 Bb7 20. h5 d4 21. cxd4 Nd5 22. Qd2 cxd4 23. Nxd4 Nxd4 24. Qxd4 Qe7 25. Bg3 f4 26. Qd3 Rf5 27. Bh2 Qg5 28. Qh3 Rxe5 29. Bb1 Nc3 30. Bxf4 Qxf4 31. Qxc3 Rg5 32. g3 Rxh5 33. Be4 Bxe4 0-1

[Event "Fagernes Chess Open 2025"]
[Site "Fagernes"]
[Date "2025.04.16"]
[Round "4.2"]
[White "Stai, Sondre"]
[Black "Andersen, Guttorm"]
[Result "1-0"]
[Annotator "NA RC"]
[ECO "D00"]
[WhiteElo "1786"]
[BlackElo "1842"]
[PlyCount "59"]
[EventDate "2025.04.12"]
[EventCountry "NOR"]
[SourceTitle "playchess.com"]
[Source "ChessBase"]
[SourceQuality "1"]
[TimeControl "40/6000+30:2400+30"]

1. d4 d5 2. Nc3 e6 3. Bf4 Bd6 4. e3 a6 5. Nf3 c5 6. Ne5 Nc6 7. Qd2 Nge7 8. h4 cxd4 9. exd4 Qc7 10. O-O-O Nxe5 11. dxe5 Bxe5 12. Bxe5 Qxe5 13. f4 Qc7 14. Bd3 Bd7 15. f5 e5 16. g4 Bc6 17. Qg5 e4 18. Qxg7 O-O-O 19. Be2 Kb8 20. a3 Nc8 21. Nxd5 Bxd5 22. Rxd5 Rhg8 23. Qd4 Rxd5 24. Qxd5 Qf4+ 25. Kb1 Qe3 26. Bd1 Nb6 27. Qxf7 Rc8 28. g5 Nc4 29. g6 Qd4 30. c3 1-0

[Event "Fagernes Chess Open 2025"]
[Site "Fagernes"]
[Date "2025.04.16"]
[Round "4.3"]
[White "Aroven, Mikael"]
[Black "Arulmaran, Abishan"]
[Result "1/2-1/2"]
[Annotator "RC"]
[ECO "E65"]
[WhiteElo "2145"]
[BlackElo "1858"]
[PlyCount "142"]
[EventDate "2025.04.12"]
[EventCountry "NOR"]
[SourceTitle "playchess.com"]
[Source "ChessBase"]
[SourceQuality "1"]
[TimeControl "40/6000+30:2400+30"]

1. c4 Nf6 2. Nc3 g6 3. g3 Bg7 4. Bg2 O-O 5. d4 d6 6. Nf3 c5 7. O-O Nc6 8. h3 a6 9. Be3 Na5 10. b3 b6 11. Rc1 Rb8 12. Qd2 Re8 13. Rfd1 Bb7 14. Qc2 Qc7 15. d5 Bc8 16. Nd2 b5 17. Nce4 bxc4 18. Nxc4 Nxc4 19. Qxc4 Nxe4 20. Bxe4 Qa5 21. Qc2 Bxh3 22. Bd2 Qb6 23. Bd3 Be5 24. Qc4 Bd7 25. Qh4 Bf6 26. Qf4 Be5 27. Qh4 Bf6 28. Bg5 Bxg5 29. Qxg5 Kg7 30. Kg2 h6 31. Qe3 e6 32. Rh1 Rh8 33. Rc4 exd5 34. Rch4 c4 35. Qxb6 Rxb6 36. bxc4 dxc4 37. Rxc4 Bb5 38. Rd4 Bxd3 39. Rxd3 Rb2 40. a3 Rxe2 41. Rxd6 Re6 42. Rxe6 fxe6 43. Rb1 Ra8 44. Kf3 Kf6 45. Ke4 Rc8 46. Kd4 Rc2 47. f3 Ra2 48. Rb3 h5 49. f4 Kf5 50. Kc5 Rd2 51. Re3 Rd5+ 52. Kc6 Rb5 53. a4 Rb4 54. Re5+ Kf6 55. Ra5 Rb3 56. Rg5 Ra3 57. a5 Rb3 58. Kc7 Rb4 59. Rc5 Rb3 60. Rg5 e5 61. Rxe5 Rxg3 62. Kb6 h4 63. Kxa6 h3 64. Re8 Rb3 65. Rh8 Kf5 66. Rh4 g5 67. fxg5 Kxg5 68. Rh8 Kg4 69. Ka7 Kg3 70. a6 Kg2 71. Rg8+ Rg3 1/2-1/2

[Event "Fagernes Chess Open 2025"]
[Site "Fagernes"]
[Date "2025.04.16"]
[Round "4.4"]
[White "Kopperud, Vidar Aleksander"]
[Black "Solbu, August"]
[Result "1/2-1/2"]
[Annotator "NA RC"]
[ECO "D63"]
[WhiteElo "1778"]
[BlackElo "1887"]
[PlyCount "76"]
[EventDate "2025.04.12"]
[EventCountry "NOR"]
[SourceTitle "playchess.com"]
[Source "ChessBase"]
[SourceQuality "1"]
[TimeControl "40/6000+30:2400+30"]

1. d4 d5 2. c4 e6 3. Nc3 Nf6 4. Bg5 Be7 5. e3 Nbd7 6. Nf3 O-O 7. Rc1 dxc4 8. Bxc4 c5 9. O-O a6 10. a4 h6 11. Bh4 cxd4 12. Nxd4 Bc5 13. Ne4 Be7 14. Nc3 Nc5 15. b4 Nce4 16. Nxe4 Nxe4 17. Bxe7 Qxe7 18. Bd3 Nd6 19. Qb3 e5 20. Ne2 Be6 21. Qb1 f5 22. Ng3 f4 23. exf4 exf4 24. Ne4 f3 25. g3 Nxe4 26. Bxe4 Qf7 27. Bg6 Qf6 28. Rfe1 Rad8 29. Rcd1 Bc4 30. Bd3 Rxd3 31. Rxd3 Qf5 32. Ree3 Qh3 33. Rxf3 Rxf3 34. Rxf3 Bd5 35. Qd3 Bxf3 36. Qxf3 Qd7 37. Qb3+ Kh8 38. Kg2 Qe7 1/2-1/2

[Event "Fagernes Chess Open 2025"]
[Site "Fagernes"]
[Date "2025.04.16"]
[Round "4.5"]
[White "Engkvist, Tomas"]
[Black "Neukamm, Christian"]
[Result "0-1"]
[Annotator "NA RC"]
[ECO "C54"]
[WhiteElo "1969"]
[BlackElo "1776"]
[PlyCount "84"]
[EventDate "2025.04.12"]
[EventCountry "NOR"]
[SourceTitle "playchess.com"]
[Source "ChessBase"]
[SourceQuality "1"]
[TimeControl "40/6000+30:2400+30"]

1. e4 e5 2. Nf3 Nc6 3. Bc4 Bc5 4. d3 Nf6 5. O-O d6 6. c3 a6 7. Bb3 Ba7 8. Re1 h6 9. Nbd2 O-O 10. Nf1 Be6 11. Ng3 Bxb3 12. Qxb3 Qd7 13. Nf5 Rab8 14. Qd1 Ne7 15. N3h4 Ng6 16. g3 Nxh4 17. gxh4 g6 18. Nxh6+ Kg7 19. Bg5 Rh8 20. Qf3 Qe6 21. Nf5+ gxf5 22. exf5 Qd7 23. h3 Qc6 24. Qg3 Rbg8 25. Kh2 Nh5 26. Qg4 Kf8 27. Rg1 Nf4 28. f6 Ne6 29. Bh6+ Ke8 30. Bg7 Bxf2 31. Rgf1 Bxh4 32. d4 Kd8 33. Rad1 Qb5 34. d5 Nf4 35. Rg1 Bf2 36. Rgf1 Rxh3+ 37. Qxh3 Nxh3 38. Kxh3 Qe2 39. Kg2 Be1+ 40. Kg1 Qxd1 41. Kg2 Qe2+ 42. Kg1 Bh4 0-1

[Event "Fagernes Chess Open 2025"]
[Site "Fagernes"]
[Date "2025.04.16"]
[Round "4.6"]
[White "Rynning, Rune Kleiven"]
[Black "Sivaparan, Isai"]
[Result "1/2-1/2"]
[Annotator "RC"]
[ECO "E05"]
[WhiteElo "1776"]
[BlackElo "1944"]
[PlyCount "133"]
[EventDate "2025.04.12"]
[EventCountry "NOR"]
[SourceTitle "playchess.com"]
[Source "ChessBase"]
[SourceQuality "1"]
[TimeControl "40/6000+30:2400+30"]

1. d4 Nf6 2. c4 e6 3. Nf3 d5 4. g3 Be7 5. Bg2 O-O 6. O-O dxc4 7. Na3 Bxa3 8. bxa3 Nc6 9. a4 Re8 10. Ba3 a6 11. Rc1 Bd7 12. Rxc4 b5 13. Rc1 Rb8 14. Ne5 Nxe5 15. dxe5 Nd5 16. Bxd5 exd5 17. Qxd5 Bh3 18. Rfd1 Qxd5 19. Rxd5 Be6 20. Rdc5 Bxa2 21. axb5 axb5 22. Bb4 Bc4 23. e3 Ra8 24. Rxc7 Rxe5 25. Rd1 h5 26. h4 Ra2 27. Rc8+ Kh7 28. Bc3 Rd5 29. Rxd5 Bxd5 30. Rc5 Bf3 31. Rf5 b4 32. Bd4 Bc6 33. Rxh5+ Kg8 34. Rc5 Bf3 35. Rf5 Be4 36. Re5 Bf3 37. Rf5 Be2 38. Rg5 g6 39. Rd5 Ra8 40. Be5 Rc8 41. Kg2 Bc4 42. Rd2 Be6 43. Bf6 b3 44. Rb2 Rb8 45. Kf3 Bc4 46. Kf4 Bd3 47. f3 Bc2 48. Kg4 Rb6 49. Bd4 Rb5 50. Kh3 Kf8 51. Kg2 Ke7 52. Kf2 Ke6 53. Ke2 Rb8 54. g4 f5 55. h5 gxh5 56. gxh5 Rg8 57. Kf2 Rg5 58. h6 Rh5 59. Bg7 Kf7 60. Kg3 Kg6 61. Kf4 Rh1 62. Ke5 Re1 63. Kf4 Kh7 64. Bc3 Re2 65. Bg7 Kg8 66. Bd4 Rd2 67. Bc3 1/2-1/2

[Event "Fagernes Chess Open 2025"]
[Site "Fagernes"]
[Date "2025.04.16"]
[Round "4.7"]
[White "Abrahamsson, Roaul"]
[Black "Vollheim, Daniel O"]
[Result "1/2-1/2"]
[Annotator "NA RC"]
[ECO "D35"]
[WhiteElo "1920"]
[BlackElo "1764"]
[PlyCount "59"]
[EventDate "2025.04.12"]
[EventCountry "NOR"]
[SourceTitle "playchess.com"]
[Source "ChessBase"]
[SourceQuality "1"]
[TimeControl "40/6000+30:2400+30"]

1. d4 d5 2. c4 e6 3. cxd5 exd5 4. Nc3 Nf6 5. Bg5 Be7 6. Qc2 c6 7. e3 Be6 8. Bd3 Nbd7 9. Nge2 O-O 10. O-O h6 11. Bh4 Ne8 12. Bg3 Nd6 13. Nf4 Nf6 14. Rad1 Qd7 15. f3 Bf5 16. Bf2 Bxd3 17. Qxd3 Nc4 18. Qe2 Bd6 19. Nd3 Rfe8 20. b3 Nb6 21. e4 dxe4 22. fxe4 Nbd5 23. Nxd5 Nxd5 24. Ne5 Nc3 25. Qf3 Bxe5 26. Qxc3 Bc7 27. e5 Bb6 28. Qf3 Qe6 29. Rfe1 Rad8 30. Kf1 1/2-1/2

[Event "Fagernes Chess Open 2025"]
[Site "Fagernes"]
[Date "2025.04.16"]
[Round "4.8"]
[White "Lysen, Terje Kevin G"]
[Black "Digernes, Mikael"]
[Result "1/2-1/2"]
[Annotator "NA RC"]
[ECO "B32"]
[WhiteElo "1667"]
[BlackElo "1781"]
[PlyCount "59"]
[EventDate "2025.04.12"]
[EventCountry "NOR"]
[SourceTitle "playchess.com"]
[Source "ChessBase"]
[SourceQuality "1"]
[TimeControl "40/6000+30:2400+30"]

1. e4 c5 2. Nf3 Nc6 3. d4 cxd4 4. Nxd4 e5 5. Nb5 d6 6. c4 Nf6 7. N1c3 a6 8. Na3 g6 9. Nc2 Bg7 10. Be2 Be6 11. Bg5 Qc7 12. Bxf6 Bxf6 13. Nd5 Bxd5 14. cxd5 Nd4 15. Nxd4 Qa5+ 16. Qd2 Qxd2+ 17. Kxd2 exd4 18. g3 h5 19. Rac1 Kd7 20. Rc4 Rac8 21. Rhc1 Rxc4 22. Rxc4 Rc8 23. Rxc8 Kxc8 24. Bd3 g5 25. f3 Be5 26. Ke2 h4 27. Kf2 Kc7 28. b4 Kb6 29. a3 a5 30. Kg2 1/2-1/2

[Event "Fagernes Chess Open 2025"]
[Site "Fagernes"]
[Date "2025.04.16"]
[Round "4.9"]
[White "Yilmaz, Kazim"]
[Black "Stokhaug, Jon Arne"]
[Result "1/2-1/2"]
[Annotator "NA RC"]
[ECO "D01"]
[WhiteElo "1818"]
[BlackElo "1871"]
[PlyCount "76"]
[EventDate "2025.04.12"]
[EventCountry "NOR"]
[SourceTitle "playchess.com"]
[Source "ChessBase"]
[SourceQuality "1"]
[TimeControl "40/6000+30:2400+30"]

1. Nf3 Nf6 2. Nc3 d5 3. d4 c5 4. Bg5 Ne4 5. e3 Nxg5 6. Nxg5 e6 7. Bb5+ Nc6 8. Nf3 Bd7 9. O-O Be7 10. Re1 cxd4 11. exd4 O-O 12. Qe2 Bf6 13. Rad1 a6 14. Bxc6 Bxc6 15. Ne5 Qb6 16. b3 Rac8 17. Nb1 Rfd8 18. c3 Qc7 19. Qb2 b5 20. Nd2 Bxe5 21. Rxe5 Bd7 22. Rc1 Qb6 23. b4 Rc7 24. Nb3 Ra8 25. Nc5 Qc6 26. Rce1 a5 27. a3 axb4 28. axb4 Rca7 29. Qe2 Bc8 30. f4 h6 31. Qf2 Ra1 32. Rxa1 Rxa1+ 33. Re1 Ra3 34. Re3 Ra1+ 35. Re1 Ra3 36. Re3 Ra1+ 37. Re1 Ra3 38. Re3 Ra1+ 1/2-1/2

[Event "Fagernes Chess Open 2025"]
[Site "Fagernes"]
[Date "2025.04.16"]
[Round "4.10"]
[White "Brattgjerd, August Minh"]
[Black "Gilsdottir, Sara"]
[Result "1-0"]
[Annotator "NA RC"]
[ECO "D00"]
[WhiteElo "1845"]
[BlackElo "1738"]
[PlyCount "61"]
[EventDate "2025.04.12"]
[EventCountry "NOR"]
[SourceTitle "playchess.com"]
[Source "ChessBase"]
[SourceQuality "1"]
[TimeControl "40/6000+30:2400+30"]

1. d4 Nf6 2. Bf4 d5 3. e3 c5 4. c3 Nc6 5. Bd3 Qb6 6. Qb3 c4 7. Qxb6 axb6 8. Bc2 b5 9. Nd2 b4 10. Ne2 b3 11. Bb1 Bg4 12. f3 Bh5 13. O-O b5 14. e4 e6 15. e5 Nd7 16. g4 Bxg4 17. fxg4 b4 18. cxb4 Bxb4 19. Rc1 Nb6 20. Nxb3 Nxe5 21. Bxe5 cxb3 22. a3 Bd2 23. Rc7 Nc4 24. Bd3 Nxb2 25. Bb5+ Kd8 26. Rb1 Nc4 27. Rd7+ Kc8 28. Rxb3 Nxe5 29. dxe5 Rb8 30. Rxf7 h5 31. Ba6+ 1-0

[Event "Fagernes Chess Open 2025"]
[Site "Fagernes"]
[Date "2025.04.16"]
[Round "4.11"]
[White "Lang, Gusztav Jr"]
[Black "Odden, Jan Ove"]
[Result "0-1"]
[Annotator "NA RC"]
[ECO "C80"]
[WhiteElo "1729"]
[BlackElo "1720"]
[PlyCount "46"]
[EventDate "2025.04.12"]
[EventCountry "NOR"]
[SourceTitle "playchess.com"]
[Source "ChessBase"]
[SourceQuality "1"]
[TimeControl "40/6000+30:2400+30"]

1. e4 e5 2. Nf3 Nc6 3. Bb5 a6 4. Ba4 Nf6 5. O-O Nxe4 6. Re1 Nc5 7. Bxc6 dxc6 8. Nxe5 Be6 9. d4 Nd7 10. Nxd7 Qxd7 11. c4 O-O-O 12. d5 cxd5 13. Qd4 b6 14. cxd5 Qxd5 15. Qa4 Kb7 16. Nc3 Qf5 17. Be3 Bd7 18. Qh4 Bd6 19. Ne4 Bc6 20. Nxd6+ Rxd6 21. Rac1 Qd5 22. Qh3 Rg6 23. Rxc6 Rxc6 0-1

[Event "Fagernes Chess Open 2025"]
[Site "Fagernes"]
[Date "2025.04.16"]
[Round "4.12"]
[White "Kuzmenko, Mykhailo"]
[Black "Sigvaldsen, Sebastian"]
[Result "1-0"]
[Annotator "NA RC"]
[ECO "D05"]
[WhiteElo "1747"]
[BlackElo "1613"]
[PlyCount "121"]
[EventDate "2025.04.12"]
[EventCountry "NOR"]
[SourceTitle "playchess.com"]
[Source "ChessBase"]
[SourceQuality "1"]
[TimeControl "40/6000+30:2400+30"]

1. d4 Nf6 2. Nf3 e6 3. e3 d5 4. Bd3 Bd6 5. b3 Nbd7 6. Bb2 c6 7. Nbd2 Qc7 8. c4 b6 9. O-O O-O 10. Rc1 Bb7 11. h3 Rac8 12. cxd5 exd5 13. Bf5 g6 14. Bb1 Rfe8 15. Ng5 h6 16. Ngf3 Ne4 17. Nxe4 dxe4 18. Nd2 f5 19. b4 Bxb4 20. Qb3+ Kh7 21. Qxb4 Nf6 22. Nc4 Rcd8 23. Ne5 g5 24. Qc4 Re7 25. Nxc6 Bxc6 26. Qxc6 Qxc6 27. Rxc6 Nd5 28. a3 Rdd7 29. Ba2 Nc7 30. g3 Nd5 31. Rfc1 Kg7 32. Bxd5 Rxd5 33. Rc7 Rdd7 34. Rxd7 Rxd7 35. d5+ Kf7 36. Rd1 b5 37. Bc3 h5 38. g4 hxg4 39. hxg4 f4 40. exf4 gxf4 41. Rd4 Rd8 42. Rxe4 Rxd5 43. Rxf4+ Kg6 44. Rf6+ Kg5 45. Rf5+ Rxf5 46. gxf5 Kxf5 47. Kg2 Kg4 48. f3+ Kf4 49. Bd2+ Kf5 50. Kg3 a6 51. f4 Kf6 52. Kg4 Kg6 53. f5+ Kf6 54. Bc3+ Kf7 55. Kg5 a5 56. Bxa5 Kg7 57. Bc3+ Kf7 58. f6 Kf8 59. Kg6 Kg8 60. f7+ Kf8 61. Bb4# 1-0

[Event "Fagernes Chess Open 2025"]
[Site "Fagernes"]
[Date "2025.04.16"]
[Round "4.13"]
[White "Lien, Benjamin"]
[Black "Jorgensen, Catherine"]
[Result "0-1"]
[Annotator "NA RC"]
[ECO "C02"]
[WhiteElo "1733"]
[BlackElo "1609"]
[PlyCount "22"]
[EventDate "2025.04.12"]
[EventCountry "NOR"]
[SourceTitle "playchess.com"]
[Source "ChessBase"]
[SourceQuality "1"]
[TimeControl "40/6000+30:2400+30"]

1. e4 e6 2. d4 d5 3. e5 c5 4. c3 Nc6 5. Nf3 Qb6 6. Bd3 cxd4 7. cxd4 Nxd4 8. Nxd4 Bc5 9. Nb3 Bxf2+ 10. Ke2 Bh4 11. Nc3 Qf2# 0-1

[Event "Fagernes Chess Open 2025"]
[Site "Fagernes"]
[Date "2025.04.16"]
[Round "4.14"]
[White "Smedsrud, Morten S"]
[Black "Ruud, Mikael"]
[Result "1/2-1/2"]
[Annotator "NA RC"]
[ECO "A23"]
[WhiteElo "1699"]
[BlackElo "1588"]
[PlyCount "60"]
[EventDate "2025.04.12"]
[EventCountry "NOR"]
[SourceTitle "playchess.com"]
[Source "ChessBase"]
[SourceQuality "1"]
[TimeControl "40/6000+30:2400+30"]

1. c4 e5 2. g3 Nf6 3. Bg2 c6 4. Nc3 d5 5. cxd5 cxd5 6. d3 Bb4 7. a3 Bxc3+ 8. bxc3 h6 9. Nf3 Nc6 10. O-O O-O 11. a4 Bf5 12. a5 a6 13. Qa4 Qd7 14. Rd1 Bh3 15. Bh1 Qf5 16. Ba3 Rfe8 17. Rab1 Qd7 18. Rb6 e4 19. Nd4 Nxd4 20. Qxd4 exd3 21. exd3 Re6 22. Rdb1 Rae8 23. Rxe6 Rxe6 24. c4 Qe8 25. Qc3 d4 26. Qc1 Re2 27. Bf3 Re5 28. Bb2 Qd7 29. Qf4 Qe7 30. Qd2 Rf5 1/2-1/2

[Event "Fagernes Chess Open 2025"]
[Site "Fagernes"]
[Date "2025.04.16"]
[Round "4.15"]
[White "Bollestad, Leiv Ove"]
[Black "Dybvik, Bjorn Noralf"]
[Result "1-0"]
[Annotator "NA RC"]
[ECO "C01"]
[WhiteElo "1585"]
[BlackElo "1686"]
[PlyCount "97"]
[EventDate "2025.04.12"]
[EventCountry "NOR"]
[SourceTitle "playchess.com"]
[Source "ChessBase"]
[SourceQuality "1"]
[TimeControl "40/6000+30:2400+30"]

1. e4 e6 2. Nf3 d5 3. exd5 exd5 4. d4 Nf6 5. Bd3 Be7 6. O-O O-O 7. h3 c5 8. dxc5 Bxc5 9. b3 Nc6 10. Bb2 Be6 11. Nc3 Rc8 12. a3 a6 13. Ne2 b5 14. a4 Nb4 15. axb5 axb5 16. Bd4 Nxd3 17. Qxd3 b4 18. Ra4 Bxd4 19. Nexd4 Rc3 20. Qd2 Ne4 21. Qf4 Qb8 22. Qh4 Rfc8 23. Qe7 Nc5 24. Ne5 Re8 25. Rxb4 Qc8 26. Qa7 Ne4 27. Rb7 Nd6 28. Re7 Rxe7 29. Qxe7 Nf5 30. Nxf5 Bxf5 31. Qxf7+ Kh8 32. Qxd5 Be6 33. Qd6 Rxc2 34. Rd1 Rc1 35. Kh2 Rxd1 36. Qxd1 h6 37. b4 Qc3 38. Qd6 Bb3 39. b5 Qe1 40. Qc5 Qe4 41. Qe3 Qc2 42. b6 Bd5 43. f3 Qc8 44. Ng6+ Kh7 45. Ne7 Qb8+ 46. g3 Bxf3 47. Qxf3 Qxb6 48. Qf5+ Kh8 49. Qf8+ 1-0

[Event "Fagernes Chess Open 2025"]
[Site "Fagernes"]
[Date "2025.04.16"]
[Round "4.16"]
[White "Andersen, Even Jorstad"]
[Black "Nebell, Anne Grete"]
[Result "1-0"]
[Annotator "NA RC"]
[ECO "C90"]
[WhiteElo "1681"]
[BlackElo "1561"]
[PlyCount "65"]
[EventDate "2025.04.12"]
[EventCountry "NOR"]
[SourceTitle "playchess.com"]
[Source "ChessBase"]
[SourceQuality "1"]
[TimeControl "40/6000+30:2400+30"]

1. e4 e5 2. Nf3 Nc6 3. Bc4 Nf6 4. d3 Be7 5. O-O O-O 6. Re1 d6 7. c3 Na5 8. Bb5 a6 9. Ba4 b5 10. Bc2 c5 11. Nbd2 Re8 12. Nf1 h6 13. Be3 Ng4 14. Qe2 Nxe3 15. Nxe3 Nc6 16. Rad1 Qb6 17. d4 cxd4 18. cxd4 Nxd4 19. Nxd4 exd4 20. Nd5 Qc5 21. Bb3 Bg5 22. h4 Bxh4 23. Qh5 Bxf2+ 24. Kxf2 d3+ 25. Kf1 Qd4 26. Nc7 Rxe4 27. Qxf7+ Kh7 28. Rxe4 Qxe4 29. Nxa8 Bg4 30. Re1 Be2+ 31. Kg1 d2 32. Rxe2 Qxe2 33. Bc2+ 1-0

[Event "Fagernes Chess Open 2025"]
[Site "Fagernes"]
[Date "2025.04.16"]
[Round "4.17"]
[White "Vatneodegard, Marie"]
[Black "Skotheim, Havard"]
[Result "1-0"]
[Annotator "NA RC"]
[ECO "B31"]
[WhiteElo "1538"]
[BlackElo "1548"]
[PlyCount "69"]
[EventDate "2025.04.12"]
[EventCountry "NOR"]
[SourceTitle "playchess.com"]
[Source "ChessBase"]
[SourceQuality "1"]
[TimeControl "40/6000+30:2400+30"]

1. e4 c5 2. Nf3 Nc6 3. Bb5 g6 4. O-O Bg7 5. c3 d5 6. e5 Qc7 7. d4 a6 8. Bxc6+ Qxc6 9. Bf4 Bg4 10. h3 Bxf3 11. Qxf3 e6 12. Nd2 b5 13. Nb3 cxd4 14. cxd4 Ne7 15. Rac1 Qb6 16. Rc5 O-O 17. Rfc1 Rac8 18. Rxc8 Rxc8 19. Rxc8+ Nxc8 20. Qc3 Qb8 21. Qc6 Nb6 22. Nc5 Nc4 23. Qxa6 h6 24. Bg3 Nxb2 25. Nd7 Qd8 26. Qxb5 Nc4 27. a4 g5 28. Qc6 Na5 29. Qb5 Nc4 30. f3 Bf8 31. Be1 Be7 32. a5 Qc7 33. a6 Qa7 34. Bf2 Kg7 35. Qb7 1-0

[Event "Fagernes Chess Open 2025"]
[Site "Fagernes"]
[Date "2025.04.16"]
[Round "4.18"]
[White "Warstad, Leif E"]
[Black "Jullum, Hege Ibsen"]
[Result "1/2-1/2"]
[Annotator "NA RC"]
[ECO "B07"]
[WhiteElo "1606"]
[BlackElo "1484"]
[PlyCount "55"]
[EventDate "2025.04.12"]
[EventCountry "NOR"]
[SourceTitle "playchess.com"]
[Source "ChessBase"]
[SourceQuality "1"]
[TimeControl "40/6000+30:2400+30"]

1. d4 d6 2. e4 Nf6 3. Nc3 e5 4. dxe5 dxe5 5. Qxd8+ Kxd8 6. Bg5 c6 7. O-O-O+ Kc7 8. Nge2 Bc5 9. f3 Be6 10. Kb1 Nbd7 11. Nc1 h6 12. Bh4 Nh5 13. Nd3 Bb6 14. Bf2 Rhd8 15. g3 g5 16. Be2 f6 17. f4 Ng7 18. Bxb6+ axb6 19. f5 Bf7 20. g4 b5 21. Nb4 h5 22. h3 h4 23. Rd2 Nc5 24. Rhd1 Rxd2 25. Rxd2 Na6 26. a3 Nxb4 27. axb4 Ne8 28. Kc1 1/2-1/2

[Event "Fagernes Chess Open 2025"]
[Site "Fagernes"]
[Date "2025.04.16"]
[Round "4.19"]
[White "Holten, Terje"]
[Black "Johansson, Henrik"]
[Result "1-0"]
[Annotator "NA RC"]
[ECO "E61"]
[WhiteElo "1566"]
[BlackElo "1730"]
[PlyCount "70"]
[EventDate "2025.04.12"]
[EventCountry "NOR"]
[SourceTitle "playchess.com"]
[Source "ChessBase"]
[SourceQuality "1"]
[TimeControl "40/6000+30:2400+30"]

1. d4 g6 2. c4 Bg7 3. Nf3 c5 4. e3 Nf6 5. Be2 O-O 6. O-O d6 7. Nc3 a6 8. Bd2 Nc6 9. h3 Bd7 10. a3 Rc8 11. d5 Na7 12. e4 b5 13. Re1 Qb6 14. Qc2 bxc4 15. Bxc4 Nb5 16. Na4 Qd8 17. Rab1 Nd4 18. Nxd4 cxd4 19. b3 Nxe4 20. Qxe4 Bxa4 21. Bxa6 Ra8 22. Bb7 Ra7 23. bxa4 Rxa4 24. Bb4 Qc7 25. Bc6 Ra7 26. Qf3 Rb8 27. h4 Rb6 28. h5 Qb8 29. hxg6 hxg6 30. g3 Rc7 31. Rbd1 Qa7 32. Kg2 Rc8 33. Qg4 Rbxc6 34. dxc6 Rxc6 35. Qe4 Rc7 1-0